 Dungeon Crawl Stone Soup version 0.23-a0-175-g97aacdb (webtiles) character file.

4405 suicidejoker the Covert (level 10, 0/68 HPs)
             Began as an Octopode Assassin on Sept 18, 2018.
             Was an Initiate of Gozag.
             Engulfed by a steam dragon's steam (7 damage)
             ... on level 8 of the Dungeon.
             The game lasted 00:17:22 (7321 turns).

suicidejoker the Covert (Octopode Assassin)         Turns: 7321, Time: 00:17:23

Health: 0/68       AC:  1    Str: 14    XL:     10   Next: 35%
Magic:  11/11      EV: 15    Int: 12    God:    Gozag
Gold:   385        SH:  0    Dex: 16    Spells: 7/9 levels left

rFire    . . .     SeeInvis .   u - +2 dagger (venom)
rCold    . . .     Gourm    .   (no shield)
rNeg     . . .     Faith    .   (helmet restricted)
rPois    .         Spirit   .   h - amulet of regeneration
rElec    .         Reflect  .   (no ring)
rCorr    .         Harm     .   i - +3 ring of dexterity
MR       .....                  (no ring)
Stlth    ++++++....             (no ring)
HPRegen  0.61/turn              (no ring)
MPRegen  0.12/turn              (no ring)
                                (no ring)
                                (no ring)

@: heavily drained
A: almost no armour, stealthy swim, amphibious, 8 rings, constrict 8, camouflage
1, dopey 1, high mp 1, wild magic 1, gelatinous body 1
a: Potion Petition, Call Merchant, Bribe Branch, Renounce Religion


You were on level 8 of the Dungeon.
You worshipped Gozag.
Gozag was aware of your devotion.
You were near starving.

You visited 2 branches of the dungeon, and saw 9 of its levels.
You also visited: Sewer.

You collected 539 gold pieces.
You spent 63 gold pieces at shops.
You paid 91 gold pieces to Gozag.

Inventory:

Hand Weapons
 b - a +0 blowgun
 l - a cursed -2 short sword
 u - a +2 dagger of venom (weapon)
 y - a +4 club
 A - a +0 dagger of speed
 C - a +0 shortbow
 J - a +1 dagger of protection
Missiles
 c - 37 poisoned needles
 d - 10 curare-tipped needles
 o - 90 bolts
 p - 156 arrows
 q - 135 stones (quivered)
 E - 12 tomahawks
 K - 4 throwing nets
Jewellery
 h - an amulet of regeneration (around mantle)
 i - a +3 ring of dexterity (right tentacle)
 I - an uncursed ring of wizardry {unknown}
Wands
 j - a wand of flame (33)
 x - a wand of scattershot (2)
Scrolls
 e - a scroll of fog {unknown}
 g - 8 scrolls of identify
 m - a scroll of amnesia
 r - a scroll of remove curse
 s - a scroll of teleportation
 v - 2 scrolls of fear
 D - a scroll of magic mapping
 H - a scroll of enchant weapon {unknown}
Potions
 k - 3 potions of flight
 n - 2 potions of brilliance
 t - 2 potions of haste
 z - 2 potions of agility
 F - a potion of degeneration {unknown}
 G - 2 potions of cancellation {unknown}
Comestibles
 f - 15 rations


   Skills:
 + Level 5.8(4.2) Fighting
 + Level 5.8(4.2) Short Blades
 + Level 5.8(4.2) Throwing
 + Level 5.5(3.8) Dodging
 + Level 14.2(12.2) Stealth


You had 7 spell levels left.
You knew the following spells:

 Your Spells              Type           Power        Failure   Level  Hunger
a - Ensorcelled Hibernat  Hex/Ice        #.....       54%         2    ###....

Your spell library contained the following spells:

 Spells                   Type           Power        Failure   Level  Hunger
 Corona                   Hex            #......      41%         1    ##.....
 Confuse                  Hex            #.......     77%         3    ####...
 Dazzling Spray           Conj/Hex       #.....       77%         3    ####...
 Tukima's Dance           Hex            #.......     77%         3    ####...
 Bolt of Magma            Conj/Fire/Erth #.........   100%        5    ######.
 Iskenderun's Battlesphe  Conj/Chrm      #.......     100%        5    ######.
 Venom Bolt               Conj/Pois      #.........   100%        5    ######.
 Iron Shot                Conj/Erth      #.........   100%        6    #######
 Orb of Destruction       Conj           #.........   100%        7    #######
 Spellforged Servitor     Conj/Summ      #.........   100%        7    #######


Dungeon Overview and Level Annotations

Branches:
Dungeon (8/15)             Temple (1/1) D:6
   Lair: D:8-11

Altars:
Ashenzari
Cheibriados
Dithmenos
Elyvilon
Fedhas
Gozag
Hepliaklqana
Kikubaaqudgha
Makhleb
Nemelex Xobeh
Okawaru
Qazlal
Ru
Sif Muna
Trog
Uskayaw
Vehumet
Wu Jian
Xom
Yredelemnul
Zin
The Shining One

Shops:
D:6 *


Innate Abilities, Weirdness & Mutations

You cannot wear most types of armour.
You are very stealthy in the water. (Stealth+)
You are amphibious.
You can wear up to eight rings at the same time.
You can use your tentacles to constrict eight enemies at once.
Your skin changes colour to match your surroundings (Stealth+).
Your rubbery body absorbs attacks. (AC +1, EV +1)
You are dopey. (Int -2)
You have an increased reservoir of magic. (+10% MP)
Your spells are a little harder to cast, but a little more powerful.


Message History

You hit the steam dragon but do no damage.
The steam dragon looks as sick as possible!
Your squeeze misses the steam dragon.
The steam dragon is severely wounded.
You are engulfed in a cloud of scalding steam.
* * * LOW HITPOINT WARNING * * *
You hear a shout! x2
You hit the steam dragon.
The steam dragon looks as sick as possible!
Your squeeze misses the steam dragon.
The steam dragon is almost dead.
You are engulfed in a cloud of scalding steam.
* * * LOW HITPOINT WARNING * * *
The steam dragon bites you!
* * * LOW HITPOINT WARNING * * *
The steam dragon misses you.
You feel better.
You are engulfed in a cloud of scalding steam.
You die...
Your body crumbles into a pile of gold.

#.#########
#....D@§.§#
#########.#
#.# #.# #.#
#.# #.# #<#
###


You could see a steam dragon.

Vanquished Creatures
  Harold (D:7)
  Grinder (Sewer)
  Edmund (D:5)
  3 phantoms
  An orc warrior (D:5)
  An ice beast (D:7)
  A black bear (D:5)
  4 ogres
  2 sky beasts
  2 centaurs
  2 big kobolds (Sewer)
  Blork the orc (D:4)
  5 bullfrogs
  A scorpion (D:5)
  6 killer bees (D:7)
  3 wights (D:7)
  A vampire bat (D:4)
  A howler monkey (D:6)
  3 crimson imps
  A quasit (Sewer)
  An orc priest (D:6)
  2 hounds
  A jelly (D:6)
  2 iguanas
  Jessica (D:3)
  9 orc wizards
  3 worker ants
  A big kobold zombie (Sewer)
  6 gnolls
  A worker ant zombie (D:5)
  9 adders
  A river rat (D:4)
  5 shadow imps (Sewer)
  3 ufetubi (Sewer)
  2 oozes
  An adder zombie (Sewer)
  2 worms
  5 dart slugs
  3 fire bats (D:4)
  7 leopard geckos
  22 orcs
  2 spectral bats (D:4)
  3 bat skeletons (D:4)
  A bat zombie (D:4)
  8 giant cockroaches
  5 goblins
  9 hobgoblins
  9 jackals
  2 quokkas
  7 ball pythons
  21 bats
  A bat simulacrum (D:4)
  6 frilled lizards
  16 kobolds
  A quokka zombie (D:7)
  10 rats
229 creatures vanquished.

Vanquished Creatures (others)
  An ooze (Sewer)
  A bush (D:2)
2 creatures vanquished.

Grand Total: 231 creatures vanquished

Notes
Turn   | Place    | Note
-------+----------+-------------------------------------------
     0 | D:1      | suicidejoker the Octopode Assassin began the quest for the
                  | Orb.
     0 | D:1      | Reached XP level 1. HP: 14/14 MP: 1/1
   105 | D:1      | Reached skill level 6 in Stealth
   105 | D:1      | Reached XP level 2. HP: 6/19 MP: 2/2
   525 | D:1      | Reached XP level 3. HP: 24/24 MP: 3/3
   629 | D:1      | Reached skill level 7 in Stealth
  1199 | D:2      | Reached XP level 4. HP: 29/29 MP: 4/4
  1255 | D:2      | Found an iron altar of Okawaru.
  1279 | D:2      | Reached skill level 8 in Stealth
  1945 | D:3      | Noticed Jessica
  1949 | D:3      | Killed Jessica
  1949 | D:3      | Reached XP level 5. HP: 34/34 MP: 5/5
  1975 | D:3      | Reached skill level 9 in Stealth
  1980 | D:3      | Gained mutation: You are dopey. (Int -2) [potion of
                  | mutation]
  1980 | D:3      | Gained mutation: You evolve. [potion of mutation]
  1980 | D:3      | Gained mutation: Your body sometimes deteriorates upon
                  | taking damage. [potion of mutation]
  1980 | D:3      | Gained mutation: Your spells are a little harder to cast,
                  | but a little more powerful. [potion of mutation]
  2296 | D:3      | Lost mutation: Your body sometimes deteriorates upon taking
                  | damage. [evolution]
  2677 | D:4      | HP: 2/51 [river rat (2)]
  2772 | D:4      | Found a glowing drain.
  2778 | Sewer    | Entered a sewer
  2797 | Sewer    | Reached XP level 6. HP: 36/39 MP: 6/6
  2841 | Sewer    | Reached skill level 10 in Stealth
  2996 | Sewer    | Found a burning altar of Makhleb.
  3041 | Sewer    | Gained mutation: You have an increased reservoir of magic.
                  | (+10% MP) [evolution]
  3041 | Sewer    | Lost mutation: You evolve. [end of evolution]
  3076 | Sewer    | Noticed Grinder
  3084 | Sewer    | Killed Grinder
  3084 | Sewer    | Reached skill level 11 in Stealth
  3084 | Sewer    | Reached XP level 7. HP: 45/45 MP: 7/7
  3163 | Sewer    | Reached skill level 12 in Stealth
  3391 | D:4      | Noticed Blork the orc
  3407 | D:4      | Killed Blork the orc
  3407 | D:4      | Reached XP level 8. HP: 36/51 MP: 8/8
  4384 | D:5      | Entered Level 5 of the Dungeon
  4554 | D:5      | Noticed Edmund
  4574 | D:5      | Killed Edmund
  4574 | D:5      | Reached skill level 13 in Stealth
  4751 | D:5      | Reached XP level 9. HP: 30/58 MP: 9/9
  5083 | D:6      | Found Xogebby's Assorted Antiques.
  5118 | D:6      | Bought a bubbling dark potion for 20 gold pieces
  5118 | D:6      | Bought a metallic purple potion for 20 gold pieces
  5118 | D:6      | Bought a scroll labeled ULUIRE ERENOBE for 23 gold pieces
  5893 | D:6      | Learned a level 2 spell: Ensorcelled Hibernation
  5956 | D:6      | Found a staircase to the Ecumenical Temple.
  5996 | Temple   | Entered the Ecumenical Temple
  6155 | Temple   | Became a worshipper of Gozag Ym Sagoz the Greedy
  6244 | D:6      | Found a glowing silver altar of Zin.
  6622 | D:7      | Reached skill level 5 in Fighting
  6624 | D:7      | Reached skill level 5 in Short Blades
  6626 | D:7      | Reached skill level 5 in Throwing
  6811 | D:7      | Noticed Harold
  6824 | D:7      | Killed Harold
  6824 | D:7      | Reached skill level 5 in Dodging
  6824 | D:7      | Reached skill level 14 in Stealth
  6824 | D:7      | Reached XP level 10. HP: 67/67 MP: 11/11
  7100 | D:7      | Found a bloodstained altar of Trog.
  7167 | D:7      | Found a sparkling altar of Nemelex Xobeh.
  7167 | D:7      | Found a stormy altar of Qazlal.
  7275 | D:7      | Found a shadowy altar of Dithmenos.
  7320 | D:8      | HP: 1/68 [steam dragon (11)]
  7321 | D:8      | Engulfed by a steam dragon's steam

Vault maps used:
D:1:      saegor_arrival_simple_d, minmay_tromino_i2
D:2:      serial_forest, infiniplex_forest_straight_1,
          infiniplex_forest_clump_curved, infiniplex_forest_clump_medium,
          infiniplex_forest_end_2, infiniplex_forest_straight_1,
          infiniplex_forest_clump_small, infiniplex_forest_clump_large,
          infiniplex_forest_straight_5, okawaru_altar_gauntlet_db
D:3:      uniq_jessica
D:4:      first_ration, portal_sewer_entry_e, roderic_serpentine_path,
          goddamned_bats, uniq_blork_the_orc
D:5:      uniq_edmund
D:6:      kennysheep_little_box, temple_doors_ab, serial_shops,
          nicolae_shop_statue_plus, minmay_misc_feat_more_columns
D:7:      grunt_temple_overflow_diamond, basic_altar, uniq_harold
D:8:      lair_entry_dummy, basic_altar, blue_anna_alchemist, uniq_erica,
          uniq_gastronok
Temple:   dpeg_five_rooms_temple
Sewer:    kennysheep_sewer_church

Skill      XL: |  1  2  3  4  5  6  7  8  9 |
---------------+----------------------------+-----
Stealth        | 6 7 8 9 11 12 13 14 | 14.2
Dodging        | 3 5 |  5.5
Fighting       | 3 5 |  5.8
Short Blades   | 3 5 |  5.8
Throwing       | 3 5 |  5.8

Action                   |  1- 3 |  4- 6 |  7- 9 | 10-12 || total
-------------------------+-------+-------+-------+-------++-------
Melee: Dagger            |    49 |   126 |   343 |    80 ||   598
       Constrict         |    12 |    34 |    60 |     8 ||   114
       Tentacles         |     7 |    19 |    83 |    19 ||   128
       Unarmed           |       |     9 |       |       ||     9
Throw: Stone             |       |       |     8 |       ||     8
Invok: Potion Petition   |       |       |       |     1 ||     1
Evoke: Wand              |       |       |     4 |     1 ||     5
  Use: Potion            |     1 |     5 |     3 |     6 ||    15
       Scroll            |     2 |     2 |    14 |       ||    18
 Stab: Sleeping          |    13 |    16 |    32 |     1 ||    62
       Distracted        |       |       |     1 |     2 ||     3
  Eat: Chunk             |       |     6 |     9 |       ||    15
       Ration            |       |       |     1 |       ||     1
Armor: Skin              |     5 |    28 |    19 |     3 ||    55
Dodge: Dodged            |    22 |    99 |   204 |    37 ||   362

Table legend:
 A = Non-vault XP
 B = Vault XP
 C = Vault XP percentage of total XP
 D = Non-vault monster count
 E = Vault monster count
 F = Vault count percentage of total count
                 A         B        C        D         E       F
            +---------+---------+-------+---------+---------+-------
      Total |    4070 |    2223 |  35.3 |     158 |      71 |  31.0
            +---------+---------+-------+---------+---------+-------
        D:1 |      45 |       5 |  10.0 |      24 |       2 |   7.7
        D:2 |      68 |      37 |  35.2 |      18 |       6 |  25.0
        D:3 |      90 |      37 |  29.1 |      21 |       1 |   4.5
        D:4 |     538 |     294 |  35.3 |      17 |      29 |  63.0
        D:5 |     933 |     169 |  15.3 |      26 |       1 |   3.7
        D:6 |    1110 |       0 |   0.0 |      29 |       0 |   0.0
        D:7 |    1286 |     992 |  43.5 |      23 |       1 |   4.2
      Sewer |       0 |     689 | 100.0 |       0 |      31 | 100.0
            +---------+---------+-------+---------+---------+-------
